AoeStats
← Mariov1989

Arabian Desert

510121473Analyzed
1v1 RM · 1d ago on Sep 29, 2026· 27m 5s· 2 players
Game mode
Random Map
Map size
Tiny (2 player)
Population
200
Speed
Normal
Resources
Standard
Victory
Conquest
Starting age
Dark Age
Ending age
Imperial Age
RankedLock teamsTeams togetherTeam positionsShared explorationLock speedFull tech treeHidden civsTurbo modeCheats
Victory
Defeat
🇪🇸 Magyars · Spain
1161
+14
🇪🇸 Ethiopians · Spain
1123
-14
Mariov1989
7:39 Loom
9:53 Feudal Age
10:26 Double-Bit Axe
11:49 Town Watch
12:09 Horse Collar
19:33 Castle Age
18:25 Gold Mining
19:27 Bloodlines
20:15 Scale Barding Armor
19:34 Light Cavalry
20:23 Husbandry
21:04 Bow Saw
Mito
8:10 Loom
11:28 Feudal Age
12:18 Double-Bit Axe
19:18 Castle Age
17:42 Double-Bit Axe
18:25 Horse Collar
19:13 Gold Mining
19:44 Fletching
19:47 Crossbowman
20:25 Bodkin Arrow
26:46 Wheelbarrow
Connection lost

Rejoining the realm…

Still unreachable

The connection could not be restored.

Session expired

The server has moved on; the page needs a fresh start.